 Dungeon Crawl Stone Soup version 0.16-a0-2010-g98bc240 (webtiles) character file.

984 Kraw the Ruffian (level 7, -10/59 HPs)
             Began as a Troll Venom Mage on Nov 9, 2014.
             Mangled by a hill giant
             ... wielding a +0 giant club
              (28 damage)
             ... on level 5 of the Dungeon.
             The game lasted 00:25:01 (5106 turns).

Kraw the Ruffian (Troll Venom Mage)                 Turns: 5106, Time: 00:25:01

Health: -10/59     AC:  5    Str: 17    XL:     7   Next: 97%
Magic:  3/5        EV:  9    Int: 13    God:
Gold:   376        SH:  0    Dex: 10    Spells: 2 memorised, 4 levels left

rFire  . . .     SeeInvis .       - Unarmed
rCold  . . .     Clarity  .     a - +0 robe
rNeg   . . .     SustAb   .     (shield restricted)
rPois  .         Gourm    +     (helmet restricted)
rElec  .         Spirit   .     (no cloak)
rCorr  .         Warding  .     (gloves unavailable)
rMut   .         Stasis   .     (boots unavailable)
MR     .....                    (no amulet)
Stlth  +.........               (no ring)
                                (no ring)

@: not resistant to hostile enchantments, very unstealthy
A: unfitting armour, claws 3, fast metabolism 3, gourmand, regeneration 2,
shaggy fur 1, tough skin 2
a: no special abilities


You were on level 5 of the Dungeon.
You were very full.

You visited 1 branch of the dungeon, and saw 6 of its levels.

You collected 376 gold pieces.

Inventory:

Hand weapons
 s - the +7 greatsling "Punk" {freeze, rC+}
   (You found it on level 4 of the Dungeon)

   It turns projectiles fired from it into bolts of frost.
   It protects you from cold.
Missiles
 p - 17 poisoned needles
 u - 3 tomahawks (quivered)
Armour
 a - a +0 robe (worn)
Jewellery
 m - an uncursed ring of protection from cold {unknown}
 A - an uncursed ring of flight {unknown}
Scrolls
 d - 6 scrolls of identify {unknown}
 l - 5 scrolls of remove curse {unknown}
 q - a scroll of random uselessness {unknown}
 t - 5 scrolls of teleportation {unknown}
 v - a scroll of magic mapping {unknown}
 w - 3 scrolls of blinking {unknown}
 y - a scroll of immolation {unknown}
 D - a scroll of recharging {unknown}
Potions
 e - 3 potions of haste {unknown}
 g - 2 potions of confusion {unknown}
 h - a potion of mutation {unknown}
 i - 2 potions of restore abilities {unknown}
 j - a potion of cure mutation {unknown}
 n - a potion of might {unknown}
 o - 6 potions of curing {unknown}
 z - a potion of berserk rage {unknown}
Books
 b - a Young Poisoner's Handbook

   Spells                             Type                      Level
   *Sting                             Conjuration/Poison           1
   Cure Poison                        Poison                       2
   *Mephitic Cloud                    Conjuration/Poison/Air       3
   Olgreb's Toxic Radiance            Poison                       4
   Venom Bolt                         Conjuration/Poison           5
 x - a book of Battle

   Spells                             Type                      Level
   Infusion                           Charms                       1
   Shroud of Golubria                 Charms/Translocation         2
   Song of Slaying                    Charms                       2
   Spectral Weapon                    Hexes/Charms                 3
   Regeneration                       Charms/Necromancy            3
Comestibles
 c - 2 meat rations
 f - a slice of pizza
 k - 2 bread rations
 r - 6 fruits
 B - a beef jerky


   Skills:
 - Level 1.5 Dodging
 - Level 1.1 Stealth
 - Level 5.0 Unarmed Combat
 - Level 1.2 Spellcasting
 + Level 3.8 Conjurations
 + Level 3.5 Air Magic
 - Level 2.9 Poison Magic


You had 4 spell levels left.
You knew the following spells:

 Your Spells              Type           Power        Failure   Level  Hunger
a - Sting                 Conj/Pois      #...         10%         1    ##.....
b - Mephitic Cloud        Conj/Pois/Air  #.......     21%         3    ####...


Dungeon Overview and Level Annotations

Branches:
Dungeon (6/15)
 Temple: D:4-7

Altars:
Dithmenos
Trog
Xom
Yredelemnul
Zin


Innate Abilities, Weirdness & Mutations

You are too large for most types of armour.
You have claws for hands.
Your metabolism is lightning-fast.
You like to eat raw meat.
You heal very quickly.
You are covered in fur (AC +1).
You have very tough skin (AC +2).


Message History

You throw a tomahawk. The tomahawk hits the hill giant.
The hill giant is moderately wounded.
You scratch the hill giant but do no damage.
The hill giant is moderately wounded.
The hill giant hits you with a giant club!
You claw the hill giant!
The hill giant begins to bleed from its wounds!
The hill giant is heavily wounded.
The hill giant hits you with a giant club!
You claw the hill giant!
The hill giant is severely wounded.
You claw the hill giant!
The hill giant is severely wounded.
The hill giant hits you with a giant club!!
* * * LOW HITPOINT WARNING * * *
Your magical contamination has completely faded away.
The hill giant is no longer bleeding.
There is a stone staircase leading down here.
The hill giant hits you with a giant club!!
You die...

#....##..........##.###....#####
#....##..........##.# #.......###
#....##..........##.# ###........
###########......##.#########.#..
###..#.##.........#...#
###########.#.######.....##..#
#.............# #.........#
#.............# #....###...
####............@# #....# ####
................C# #....#
.....########....# ###### .....#
#......># #.###### .....#
###.###...# #####....... .....#
#...# #...# #...........
.....###.#####...#####.###.......
.................##....# #.######
.......).....###.##.#### #.#


You could see a hill giant.

Vanquished Creatures
  A centaur (D:4)
  Duvessa (D:6)
  A scorpion (D:5)
  4 wights (D:5)
  Dowan (D:6)
  An orc priest (D:3)
  A jelly (D:6)
  An orc wizard (D:5)
  5 worker ants
  3 iguanas
  An ogre skeleton (D:5)
  6 adders
  4 gnolls (D:2)
  2 giant mites
  An orc skeleton (D:6)
  3 worms
  A shadow imp (D:5)
  2 giant geckos
  An ooze (D:1)
  16 orcs
  2 gnoll zombies (D:3)
  16 goblins
  9 hobgoblins
  8 jackals
  17 kobolds
  2 quokkas
  2 ball pythons
  11 bats
  9 giant cockroaches
  A giant gecko skeleton (D:5)
  4 giant newts
  A goblin zombie (D:5)
  A hobgoblin skeleton (D:5)
  A kobold skeleton (D:6)
  11 rats
151 creatures vanquished.

Notes
Turn   | Place    | Note
--------------------------------------------------------------
     0 | D:1      | Kraw, the Troll Venom Mage, began the quest for the Orb.
     0 | D:1      | Reached XP level 1. HP: 16/16 MP: 2/2
    46 | D:1      | Reached skill level 1 in Unarmed Combat
   160 | D:1      | Reached XP level 2. HP: 24/24 MP: 1/2
   692 | D:1      | Reached XP level 3. HP: 29/31 MP: 1/3
   729 | D:2      | Reached skill level 3 in Unarmed Combat
   822 | D:2      | Learned a level 3 spell: Mephitic Cloud
   877 | D:2      | Reached XP level 4. HP: 35/39 MP: 2/4
   950 | D:2      | Reached skill level 4 in Unarmed Combat
  1047 | D:2      | Found a shimmering altar of Xom.
  1528 | D:2      | Found a shadowy altar of Dithmenos.
  1824 | D:3      | Reached XP level 5. HP: 41/45 MP: 2/4
  2126 | D:3      | Reached skill level 5 in Unarmed Combat
  2524 | D:3      | Found a basalt altar of Yredelemnul.
  2736 | D:4      | Reached skill level 1 in Conjurations
  2763 | D:4      | Reached skill level 1 in Air Magic
  2894 | D:4      | Found a glowing silver altar of Zin.
  2895 | D:4      | Noticed an angel
  2922 | D:4      | Reached XP level 6. HP: 53/53 MP: 1/5
  3685 | D:5      | Entered Level 5 of the Dungeon
  3893 | D:5      | Reached XP level 7. HP: 59/59 MP: 4/5
  4043 | D:5      | Found a bloodstained altar of Trog.
  4702 | D:6      | Noticed Duvessa
  4704 | D:6      | Noticed Dowan
  4748 | D:6      | Killed Duvessa
  4758 | D:6      | Killed Dowan
  5040 | D:6      | Noticed a hill giant
  5106 | D:5      | Mangled by a hill giant

Action                   |  1- 3 |  4- 6 |  7- 9 || total
-------------------------+-------+-------+-------++-------
Melee: Unarmed           |   100 |   212 |   104 ||   416
Throw: Tomahawk          |       |       |     5 ||     5
 Cast: Sting             |     9 |    58 |    22 ||    89
 Stab: Sleeping          |     1 |       |       ||     1
  Eat: Chunk             |    14 |    30 |    12 ||    56
